 Dungeon Crawl Stone Soup version 0.27-a0-1065-ge809cff456 (console) character file.

Game seed: 12989808268255873927

26 nht the Charlatan (level 2, 0/21 HPs)
             Began as a Demonspawn Artificer on Apr 23, 2021.
             Slain by a quokka (1 damage)
             ... on level 1 of the Dungeon.
             The game lasted 00:01:26 (759 turns).

nht the Charlatan (Demonspawn Artificer)             Turns: 759, Time: 00:01:27

Health: 0/21       AC:  3    Str: 12    XL:     2   Next: 89%
Magic:  2/2        EV: 11    Int: 12    God:
Gold:   46         SH:  0    Dex: 13    Spells: 1/1 levels left

rFire    . . .     SeeInvis .   a - +0 club
rCold    . . .     Faith    .   (no shield)
rNeg     . . .     Spirit   .   b - +0 leather armour
rPois    .         Reflect  .   (helmet restricted)
rElec    .         Harm     .   (no cloak)
rCorr    .         Rampage  .   (no gloves)
Will     .....                  (no boots)
Stlth    +.........             (no amulet)
HPRegen  0.07/turn              (no ring)
MPRegen  0.08/turn              (no ring)

@: hasted (expiring), very quick
A: antennae 1
a: no special abilities


You were on level 1 of the Dungeon.
You visited 1 branch of the dungeon, and saw 1 of its levels.

You collected 46 gold pieces.

Inventory:

Hand Weapons
 a - a +0 club (weapon)
Missiles
 f - 3 boomerangs
Armour
 b - a +0 leather armour (worn)
Wands
 d - a wand of charming (13)
Miscellaneous
 e - a piece from Xom's chessboard (15/15) (quivered)


   Skills:
 - Level 1.0 Fighting
 - Level 1.7 Armour
 - Level 0.8 Dodging
 - Level 0.8 Stealth
 + Level 0.7 Unarmed Combat
 - Level 4.0 Evocations


You had one spell level left.
You didn't know any spells.
Your spell library was empty.

Dungeon Overview and Level Annotations

Branches:
Dungeon (1/15)

Altars:


Innate Abilities, Weirdness & Mutations

You have a pair of small antennae on your head.


Message History

You swap places.
Something barely misses the goblin.
You closely miss the goblin. The goblin hits you with a +0 club.
* * * LOW HITPOINT WARNING * * *
Something completely misses the goblin.
You barely miss the goblin. The goblin hits you with a +0 club.
* * * LOW HITPOINT WARNING * * *
You barely miss the goblin.
Your gnoll barely misses the goblin.
You barely miss the goblin. The goblin hits you with a +0 club.
* * * LOW HITPOINT WARNING * * *
Your gnoll hits the goblin with a +0 whip.
The goblin dies!
A quokka comes into view.
The helpless quokka fails to defend itself.
You hit the quokka but do no damage.
The quokka bites you but does no damage.
You hit the quokka.
The quokka is moderately wounded.
The quokka closely misses you.
You barely miss the quokka.
The quokka is moderately wounded.
The quokka bites you.
* * * LOW HITPOINT WARNING * * *
You barely miss the quokka.
The quokka is moderately wounded.
The quokka closely misses you.
You aren't carrying any potions.
You aren't carrying any scrolls.
You hit the quokka but do no damage.
The quokka is moderately wounded.
The quokka bites you.
* * * LOW HITPOINT WARNING * * *
You closely miss the quokka.
The quokka is moderately wounded.
The quokka closely misses you.
You hit the quokka.
The quokka is almost dead.
Your extra speed is starting to run out.
The quokka bites you.
You die...

...... █.█.........'.█.█
...... █.█.........█.█.█
█████████.█.........█.█.█
█.......█.........█.█.█
█.......█.........+.█.█
█.......█.........███.█
█.....................█
█.......█████████......
█.....@.█ █..█...
█.....r...█ █.██8██
█████+███.█ █..█... .█
█..█... ....... █ █..█..<
....... █..█... .......
██...... █..........█
█..██8██ █..........█
█...█...


You could see a quokka.

Vanquished Creatures
  A gnoll (D:1)
  A bat (D:1)
  An endoplasm (D:1)
  A giant cockroach (D:1)
  3 hobgoblins (D:1)
  A quokka (D:1)
  A ball python (D:1)
  A frilled lizard (D:1)
  2 kobolds (D:1)
12 creatures vanquished.

Vanquished Creatures (collateral kills)
  A bat (D:1)
  An endoplasm (D:1)
  A goblin (D:1)
  A hobgoblin (D:1)
  2 rats (D:1)
6 creatures vanquished.

Grand Total: 18 creatures vanquished

Notes
Turn   | Place    | Note
-------+----------+-------------------------------------------
     0 | D:1      | nht the Demonspawn Artificer began the quest for the Orb.
     0 | D:1      | Reached XP level 1. HP: 15/15 MP: 1/1
    29 | D:1      | Gained mutation: You have a pair of small antennae on your
                  | head. [demonic ancestry]
    29 | D:1      | Reached XP level 2. HP: 21/21 MP: 2/2
   463 | D:1      | Reached skill level 4 in Evocations
   757 | D:1      | HP: 1/21 [quokka (2)]
   759 | D:1      | Slain by a quokka

Illustrated notes

Levels and vault maps discovered:
D:1:      scummos_arrival_simple_crosswalls, layout_basic, minmay_vboxes

Skill      XL: |  1  2 |
---------------+-------+-----
Evocations     | 4 |  4.0
Fighting       | |  1.0
Armour         | |  1.7
Dodging        | |  0.8
Stealth        | |  0.8
Unarmed Combat | |  0.7

Action                   || total
-------------------------++-------
Melee: Club              ||    31
Evoke: Wand              ||    17
  Use: Potion            ||     1
 Stab: Sleeping          ||     3
Armor: Leather armour    ||     6
Dodge: Dodged            ||    20

Table legend: (Time is in decaauts)
 A = Elapsed time spent in this place.
 B = Non-inter-level travel time spent in this place.
 C = Inter-level travel time spent in this place.
 D = Time resting spent in this place.
 E = Time spent auto-exploring this place.
 F = Levels seen in this place.
 G = Mean time per level.
                   A        B        C        D        E       F      G
               +--------+--------+--------+--------+--------+-----+--------+
         Total |    752 |    744 |      8 |      0 |    638 |   1 |  752.0 |
       Dungeon |    752 |    744 |      8 |      0 |    638 |   1 |  752.0 |
               +--------+--------+--------+--------+--------+-----+--------+

Top non-repeatable levels by time:
     D:1: 752 daAuts
